SAAA
SCRANTON SUPERNOVAS @ HAMILTON COYOTES
06/08/2042
 
TOP OF THE 1ST
Scranton Supernovas batting - Pitching for Hamilton Coyotes : LHP Luis Soto
Pitching: LHP Luis Soto
Batting: RHB Yong-ho Jheon 0-0: Ball
1-0: Foul Ball, location: 2F
1-1: Fly out, F9 (Flyball, 9LSF, EV 92.5 MPH)
Batting: LHB Guan-pei Bei 0-0: Ball
1-0: Swinging Strike
1-1: Swinging Strike
1-2: Strikes out swinging
Batting: RHB Phil Moore 0-0: Reached via error on a dropped throw from 1B, E1 (Groundball, 34S, EV 82.5 MPH)
Batting: LHB Dean Jackson 0-0: Called Strike
0-1: Ball
1-1: Foul Ball, location: 2F
1-2: Ball
2-2: Ball
3-2: SINGLE (Flyball, 34D, EV 96.9 MPH)
Phil Moore to second
Phil Moore to third
Batting: LHB Ken Norris 0-0: Called Strike
0-1: Swinging Strike
0-2: Foul Ball, location: 2F
0-2: DOUBLE (Line Drive, 89M, EV 101.9 MPH)
Phil Moore scores
Dean Jackson to third
Batting: RHB August Force 0-0: Called Strike
0-1: Ball
1-1: Ball
2-1: SINGLE (Line Drive, 4MD, EV 93.8 MPH)
Dean Jackson scores
Ken Norris to third
Runner from 3rd tries for Home, SAFE, no throw by CF
Batting: RHB César Ferreira 0-0: Ball
1-0: Called Strike
1-1: Fielders Choice at 2nd, 6-4 (Groundball, 6, EV 100.0 MPH)
Top of the 1st over - 3 runs, 3 hits, 1 error, 1 left on base; Scranton 3 - Hamilton 0
BOTTOM OF THE 1ST
Hamilton Coyotes batting - Pitching for Scranton Supernovas : RHP Jay Newton
Pitching: RHP Jay Newton
Batting: LHB Jason Powell 0-0: Ball
1-0: Foul Ball, location: 3F, Error on foul ball, E3
1-1: Ball
2-1: SINGLE (Line Drive, 56, EV 96.9 MPH)
Batting: SHB Júlio Moreno 0-0: Ball
1-0: SINGLE (Line Drive, 4MD, EV 102.5 MPH)
Jason Powell to second
Batting: SHB Alex Warner 0-0: Ball
1-0: Swinging Strike
1-1: Fly out, F8 (Flyball, 8LM, EV 81.9 MPH)
Batting: RHB Gary Goodwin 0-0: Called Strike
0-1: Swinging Strike
0-2: Ball
1-2: Strikes out swinging
Batting: LHB Marc Ben 0-0: 3-RUN HOME RUN (Flyball, 9LD, EV 101.2 MPH), Distance : 345 ft
Batting: RHB Kazunari Mizuno 0-0: Ball
1-0: Called Strike
1-1: Ball
2-1: Swinging Strike
2-2: TRIPLE (Line Drive, 89XD, EV 111.9 MPH)
Batting: RHB Barney Paul 0-0: Called Strike
0-1: Foul Ball, location: 2F
0-2: Ball
1-2: Strikes out swinging, 2-3 out at first.
Bottom of the 1st over - 3 runs, 4 hits, 1 error, 1 left on base; Scranton 3 - Hamilton 3
TOP OF THE 2ND
Scranton Supernovas batting - Pitching for Hamilton Coyotes : LHP Luis Soto
Batting: RHB Doug Tipton 0-0: Foul Ball, location: 2F
0-1: Ball
1-1: Swinging Strike
1-2: Strikes out swinging
Batting: LHB Quentin Batkin 0-0: Ground out 6-3 (Groundball, 6, EV 78.8 MPH)
Batting: RHB Yong-ho Jheon 0-0: Foul Ball, location: 2F
0-1: Called Strike
0-2: Foul Ball, location: 2F
0-2: Ball
1-2: Foul Ball, location: 2F
1-2: Ball
2-2: Foul Ball, location: 2F
2-2: Ball
3-2: Ground out 1-3 (Groundball, 34S, EV 87.5 MPH)
Top of the 2nd over - 0 runs, 0 hits, 0 errors, 0 left on base; Scranton 3 - Hamilton 3
BOTTOM OF THE 2ND
Hamilton Coyotes batting - Pitching for Scranton Supernovas : RHP Jay Newton
Batting: RHB Rob Shannon 0-0: Called Strike
0-1: Foul Ball, location: 2F
0-2: Ball
1-2: Foul Ball, location: 2F
1-2: Ball
2-2: Ground out 1-3 (Groundball, 34S, EV 77.5 MPH)
Batting: RHB Erick Indiano 0-0: Fly out, F8 (Flyball, 8LD, EV 101.9 MPH)
Batting: LHB Jason Powell 0-0: Ball
1-0: Called Strike
1-1: Ball
2-1: Foul Ball, location: 2F
2-2: Ground out 5-3 (Groundball, 56, EV 99.4 MPH)
Bottom of the 2nd over - 0 runs, 0 hits, 0 errors, 0 left on base; Scranton 3 - Hamilton 3
TOP OF THE 3RD
Scranton Supernovas batting - Pitching for Hamilton Coyotes : LHP Luis Soto
Batting: LHB Guan-pei Bei 0-0: Called Strike
0-1: Ball
1-1: Bunt for hit to 25 - play at first, batter safe!
Batting: RHB Phil Moore 0-0: SINGLE (Groundball, 4, EV 81.2 MPH) (infield hit)
Guan-pei Bei to second
Batting: LHB Dean Jackson 0-0: Ball
1-0: 3-RUN HOME RUN (Flyball, 89XD, EV 110.0 MPH), Distance : 387 ft
Batting: LHB Ken Norris 0-0: Ball
1-0: Ground out 4-3 (Groundball, 4, EV 103.1 MPH)
Batting: RHB August Force 0-0: Fly out, F8 (Flyball, 78S, EV 86.2 MPH)
Pitching: RHP Guy Walters
Batting: RHB César Ferreira 0-0: Foul Ball, location: 2F
0-1: SINGLE (Groundball, 6M, EV 106.9 MPH) (infield hit)
Batting: RHB Doug Tipton 0-0: Ball
1-0: Ball
2-0: Ball
3-0: Base on Balls
César Ferreira to second
Batting: LHB Quentin Batkin 0-0: Ball
1-0: Foul Ball, location: 2F
1-1: Foul Ball, location: 2F
1-2: Ball
2-2: Strikes out swinging
Top of the 3rd over - 3 runs, 4 hits, 0 errors, 2 left on base; Scranton 6 - Hamilton 3
BOTTOM OF THE 3RD
Hamilton Coyotes batting - Pitching for Scranton Supernovas : RHP Jay Newton
Batting: SHB Júlio Moreno 0-0: Foul Ball, location: 2F
0-1: SINGLE (Groundball, 34, EV 101.2 MPH) (infield hit)
Batting: SHB Alex Warner 0-0: Ball
1-0: Fly out, F9 (Flyball, 89D, EV 73.8 MPH)
Batting: RHB Gary Goodwin 0-0: Ball
1-0: Ball
2-0: Foul Ball, location: 2F
2-1: Ball
3-1: Foul Ball, location: 2F
3-2: DOUBLE (Line Drive, 78D, EV 107.5 MPH)
Júlio Moreno to third
Júlio Moreno scores
Batting: LHB Marc Ben 0-0: Called Strike
0-1: Ball
1-1: Ball
2-1: SINGLE (Line Drive, 6MD, EV 98.8 MPH)
Gary Goodwin to third
Runner from 3rd tries for Home, throw by CF and OUT! 8-2
Marc Ben to second
Batting: RHB Kazunari Mizuno 0-0: Called Strike
0-1: Ball
1-1: Ball
2-1: Fly out, F8 (Flyball, 78M, EV 87.5 MPH)
Bottom of the 3rd over - 1 run, 3 hits, 0 errors, 1 left on base; Scranton 6 - Hamilton 4
TOP OF THE 4TH
Scranton Supernovas batting - Pitching for Hamilton Coyotes : RHP Guy Walters
Batting: RHB Yong-ho Jheon 0-0: Called Strike
0-1: Foul Ball, location: 2F
0-2: Ball
1-2: Ball
2-2: Ball
3-2: Foul Ball, location: 2F
3-2: Foul Ball, location: 2F
3-2: Base on Balls
Batting: LHB Guan-pei Bei 0-0: SINGLE (Line Drive, 89M, EV 94.4 MPH)
Yong-ho Jheon to second
Batting: RHB Phil Moore 0-0: Ball
1-0: Foul Ball, location: 2F
1-1: Ball
2-1: Ball
3-1: Foul Ball, location: 2F
3-2: Foul Ball, location: 2F
3-2: DOUBLE (Flyball, 78XD, EV 112.5 MPH)
Yong-ho Jheon scores
Guan-pei Bei to third
Batting: LHB Dean Jackson 0-0: Called Strike
0-1: SINGLE (Line Drive, 6MD, EV 97.5 MPH)
Guan-pei Bei scores
Phil Moore to third
Runner from 3rd tries for Home, SAFE, no throw by CF
Batting: LHB Ken Norris 0-0: Called Strike
0-1: Ball
1-1: Swinging Strike
1-2: Grounds into double play, 4-6-3 (Groundball, 4, EV 100.0 MPH)
Batting: RHB August Force 0-0: Swinging Strike
0-1: Swinging Strike
0-2: Strikes out swinging
Top of the 4th over - 3 runs, 3 hits, 0 errors, 0 left on base; Scranton 9 - Hamilton 4
BOTTOM OF THE 4TH
Hamilton Coyotes batting - Pitching for Scranton Supernovas : RHP Jay Newton
Batting: RHB Barney Paul 0-0: Called Strike
0-1: Swinging Strike
0-2: Foul Ball, location: 2F
0-2: Foul Ball, location: 2F
0-2: Ball
1-2: Ball
2-2: SINGLE (Line Drive, 3, EV 98.1 MPH)
Batting: RHB Rob Shannon 0-0: Grounds into double play, 6-4-3 (Groundball, 6, EV 108.1 MPH)
Batting: RHB Erick Indiano 0-0: Foul Ball, location: 2F
0-1: Fly out, F5 (Popup, 56, EV 66.2 MPH)
Bottom of the 4th over - 0 runs, 1 hit, 0 errors, 0 left on base; Scranton 9 - Hamilton 4
TOP OF THE 5TH
Scranton Supernovas batting - Pitching for Hamilton Coyotes : RHP Guy Walters
Batting: RHB César Ferreira 0-0: Called Strike
0-1: Ball
1-1: Ball
2-1: SINGLE (Groundball, 34D, EV 111.2 MPH)
Batting: RHB Doug Tipton 0-0: Called Strike
0-1: Ball
1-1: Foul Ball, location: 2F
1-2: Grounds into double play, 6-4-3 (Groundball, 6M, EV 85.6 MPH)
Batting: LHB Quentin Batkin 0-0: Called Strike
0-1: Foul Ball, location: 2F
0-2: Fly out, F4 (Line Drive, 4, EV 68.8 MPH)
Top of the 5th over - 0 runs, 1 hit, 0 errors, 0 left on base; Scranton 9 - Hamilton 4
BOTTOM OF THE 5TH
Hamilton Coyotes batting - Pitching for Scranton Supernovas : RHP Jay Newton
Batting: LHB Jason Powell 0-0: Ball
1-0: Foul Ball, location: 2F
1-1: Foul Ball, location: 2F
1-2: Fly out, F8 (Flyball, 8RD, EV 89.4 MPH)
Batting: SHB Júlio Moreno 0-0: Called Strike
0-1: Foul Ball, location: 2F
0-2: Ball
1-2: Strikes out looking
Batting: SHB Alex Warner 0-0: Called Strike
0-1: Swinging Strike
0-2: Foul Ball, location: 2F
0-2: Foul Ball, location: 2F
0-2: Foul Ball, location: 2F
0-2: Strikes out swinging
Bottom of the 5th over - 0 runs, 0 hits, 0 errors, 0 left on base; Scranton 9 - Hamilton 4
TOP OF THE 6TH
Scranton Supernovas batting - Pitching for Hamilton Coyotes : RHP Guy Walters
Pitching: LHP Dong Zhŕo
Batting: RHB Yong-ho Jheon 0-0: Ball
1-0: Swinging Strike
1-1: SINGLE (Groundball, 6, EV 96.9 MPH) (infield hit)
Batting: LHB Guan-pei Bei 0-0: Called Strike
0-1: Fly out, F9 (Flyball, 89S, EV 85.6 MPH)
Batting: RHB Phil Moore 0-0: Ball
1-0: Foul Ball, location: 2F
1-1: Swinging Strike
1-2: Ground out 5-3 (Groundball, 5S, EV 68.8 MPH)
Yong-ho Jheon to second
Batting: LHB Dean Jackson 0-0: Fly out, F7 (Flyball, 7, EV 80.0 MPH)
Top of the 6th over - 0 runs, 1 hit, 0 errors, 1 left on base; Scranton 9 - Hamilton 4
BOTTOM OF THE 6TH
Hamilton Coyotes batting - Pitching for Scranton Supernovas : RHP Jay Newton
Batting: RHB Gary Goodwin 0-0: Ball
1-0: Called Strike
1-1: Swinging Strike
1-2: Strikes out swinging
Batting: LHB Marc Ben 0-0: Foul Ball, location: 2F
0-1: Foul Ball, location: 2F
0-2: Ball
1-2: DOUBLE (Flyball, 78XD, EV 108.1 MPH)
Batting: RHB Kazunari Mizuno 0-0: Called Strike
0-1: Ground out 6-3 (Groundball, 4M, EV 88.8 MPH)
Marc Ben to third
Batting: RHB Barney Paul 0-0: Called Strike
0-1: Swinging Strike
0-2: Ball
1-2: Strikes out looking
Bottom of the 6th over - 0 runs, 1 hit, 0 errors, 1 left on base; Scranton 9 - Hamilton 4
TOP OF THE 7TH
Scranton Supernovas batting - Pitching for Hamilton Coyotes : LHP Dong Zhŕo
Batting: LHB Ken Norris 0-0: Ball
1-0: Swinging Strike
1-1: Swinging Strike
1-2: Foul Ball, location: 2F
1-2: SINGLE (Groundball, 34D, EV 107.5 MPH)
Pitching: RHP Rickey O'Day
Batting: RHB August Force 0-0: Called Strike
0-1: Reached on error, E1 (Groundball, 13, EV 68.1 MPH)
Ken Norris to second
Batting: RHB César Ferreira 0-0: Called Strike
0-1: Ball
1-1: Swinging Strike
1-2: Ball
2-2: Foul Ball, location: 2F
2-2: Ball
3-2: Foul Ball, location: 2F
3-2: Fly out, F8 (Flyball, 8LD, EV 98.8 MPH)
Batting: RHB Doug Tipton 0-0: Ball
1-0: Ball
2-0: Called Strike
2-1: Ball
3-1: Base on Balls
Ken Norris to third
August Force to second
Batting: LHB Quentin Batkin 0-0: Ball
1-0: Foul Ball, location: 2F
1-1: Ball
2-1: Ball
3-1: Base on Balls
Ken Norris scores
August Force to third
Doug Tipton to second
Pitching: RHP Ken Dundee
Batting: RHB Yong-ho Jheon 0-0: Ball
Wild Pitch!
August Force scores
Doug Tipton to third
Quentin Batkin to second
1-0: Foul Ball, location: 2F
1-1: Ball
2-1: SINGLE (Line Drive, 9LS, EV 88.8 MPH)
Doug Tipton scores
Quentin Batkin to third
Pinch Hitting: RHB Guillermo Alessandrini 0-0: Foul Ball, location: 2F
0-1: Swinging Strike
0-2: Foul Ball, location: 2F
0-2: SINGLE (Groundball, 4MD, EV 100.0 MPH)
Quentin Batkin scores
Yong-ho Jheon to second
Yong-ho Jheon to third
Batting: RHB Phil Moore 0-0: Called Strike
0-1: Foul Ball, location: 2F
0-2: Foul Ball, location: 2F
0-2: Strikes out swinging
Batting: LHB Dean Jackson 0-0: DOUBLE (Line Drive, 9LS, EV 95.6 MPH)
Yong-ho Jheon scores
Guillermo Alessandrini to third
Batting: LHB Ken Norris 0-0: Called Strike
0-1: Ball
1-1: Fly out, F7 (Flyball, 7, EV 86.2 MPH)
Top of the 7th over - 5 runs, 4 hits, 1 error, 2 left on base; Scranton 14 - Hamilton 4
BOTTOM OF THE 7TH
Hamilton Coyotes batting - Pitching for Scranton Supernovas : RHP Jay Newton
Now in LF: Abhipala Srivastav
Batting: RHB Rob Shannon 0-0: Ball
1-0: Ball
2-0: Called Strike
2-1: Foul Ball, location: 2F
2-2: Ball
3-2: Foul Ball, location: 2F
3-2: Strikes out swinging
Batting: RHB Erick Indiano 0-0: Ball
1-0: Ball
2-0: Called Strike
2-1: Foul Ball, location: 2F
2-2: Strikes out swinging
Batting: LHB Jason Powell 0-0: Called Strike
0-1: Ball
1-1: Foul Ball, location: 2F
1-2: Foul Ball, location: 2F
1-2: Foul Ball, location: 2F
1-2: DOUBLE (Line Drive, 78D, EV 107.5 MPH)
Pitching: RHP Albert Karlier
Batting: SHB Júlio Moreno 0-0: Foul Ball, location: 2F
0-1: Ball
1-1: Foul Ball, location: 2F
1-2: Strikes out looking
Bottom of the 7th over - 0 runs, 1 hit, 0 errors, 1 left on base; Scranton 14 - Hamilton 4
TOP OF THE 8TH
Scranton Supernovas batting - Pitching for Hamilton Coyotes : RHP Ken Dundee
Batting: RHB August Force 0-0: Called Strike
0-1: Ball
1-1: Reached on error, E5 (Groundball, 56, EV 93.8 MPH)
Batting: RHB César Ferreira 0-0: Ground out 5-3 (Groundball, 5, EV 89.4 MPH)
Batting: RHB Doug Tipton 0-0: Ball
1-0: Ground out 6-3 (Groundball, 6M, EV 86.2 MPH)
August Force to third
Batting: LHB Quentin Batkin 0-0: Called Strike
0-1: Foul Ball, location: 2F
0-2: Strikes out swinging
Top of the 8th over - 0 runs, 0 hits, 1 error, 1 left on base; Scranton 14 - Hamilton 4
BOTTOM OF THE 8TH
Hamilton Coyotes batting - Pitching for Scranton Supernovas : RHP Albert Karlier
Batting: SHB Alex Warner 0-0: Ball
1-0: Ball
2-0: Ball
3-0: Base on Balls
Batting: RHB Gary Goodwin 0-0: Swinging Strike
0-1: Ball
1-1: Grounds into double play, 6-4-3 (Groundball, 6M, EV 104.4 MPH)
Batting: LHB Marc Ben 0-0: SOLO HOME RUN (Flyball, 9LD, EV 110.6 MPH), Distance : 344 ft
Batting: RHB Kazunari Mizuno 0-0: Ground out 6-3 (Groundball, 6, EV 85.0 MPH)
Bottom of the 8th over - 1 run, 1 hit, 0 errors, 0 left on base; Scranton 14 - Hamilton 5
TOP OF THE 9TH
Scranton Supernovas batting - Pitching for Hamilton Coyotes : RHP Ken Dundee
Pinch Hitting: LHB Bill Stanton 0-0: Ball
1-0: Ball
2-0: Foul Ball, location: 2F
2-1: Called Strike
2-2: Foul Ball, location: 2F
2-2: Ball
3-2: Foul Ball, location: 2F
3-2: Foul Ball, location: 2F
3-2: Base on Balls
Batting: RHB Abhipala Srivastav 0-0: Called Strike
0-1: Fly out, F9 (Flyball, 9D, EV 103.8 MPH)
Batting: RHB Phil Moore 0-0: Ball
1-0: Fielders Choice at 2nd, 1-4 (Groundball, P, EV 74.4 MPH)
Batting: LHB Dean Jackson 0-0: Called Strike
0-1: Ball
1-1: Foul Ball, location: 2F
1-2: Ball
2-2: Strikes out swinging
Top of the 9th over - 0 runs, 0 hits, 0 errors, 1 left on base; Scranton 14 - Hamilton 5
BOTTOM OF THE 9TH
Hamilton Coyotes batting - Pitching for Scranton Supernovas : RHP Albert Karlier
Now in RF: Bill Stanton
Batting: RHB Barney Paul 0-0: Ball
1-0: Ball
2-0: Called Strike
2-1: Foul Ball, location: 2F
2-2: SINGLE (Groundball, 4MD, EV 96.2 MPH)
Batting: RHB Rob Shannon 0-0: Called Strike
0-1: Swinging Strike
0-2: Strikes out swinging
Batting: RHB Erick Indiano 0-0: Called Strike
0-1: Grounds into double play, 6-4-3 (Groundball, 6, EV 96.9 MPH)
Bottom of the 9th over - 0 runs, 1 hit, 0 errors, 0 left on base; Scranton 14 - Hamilton 5
Friday, March 26th, 2021 - OOTP Baseball 20.8 Build 74